 Dungeon Crawl Stone Soup version 0.20.1-1-g8b1a95d (webtiles) character file.

37040 empire the Cleaver (level 13, -12/116 HPs)
             Began as a Minotaur Fighter on Oct 30, 2017.
             Was a High Priest of Nemelex Xobeh.
             Killed from afar by a wizard (43 damage)
             ... with a crystal spear
             ... on level 13 of the Dungeon.
             The game lasted 00:40:07 (13692 turns).

empire the Cleaver (Minotaur Fighter)              Turns: 13692, Time: 00:40:09

Health: -12/116    AC: 23    Str: 21    XL:     13   Next: 56%
Magic:  18/18      EV: 14    Int:  8    God:    Nemelex Xobeh [*****.]
Gold:   814        SH: 13    Dex: 15    Spells: 12/12 levels left

rFire    . . .     SeeInvis +   a - +4 war axe (flame)
rCold    + . .     Gourm    .   c - +0 shield
rNeg     . . .     Faith    +   T - +0 plate armour
rPois    +         Spirit   .   u - +1 hat {Int+3}
rElec    .         Reflect  .   N - +2 cloak {rPois}
rCorr    .         Harm     .   A - +2 pair of gloves
MR       .....                  (no boots)
Stlth    ..........             G - amulet of faith
Regen    0.3/turn               p - +3 ring of evasion
MPRegen  0.2/turn               s - ring of see invisible

@: no status effects
A: retaliatory headbutt, horns 2, cold resistance 1, MP-powered wands
a: Triple Draw, Deal Four, Stack Five, Renounce Religion


You were on level 13 of the Dungeon.
You worshipped Nemelex Xobeh.
Nemelex Xobeh was extremely pleased with you.
You were very hungry.

You visited 3 branches of the dungeon, and saw 15 of its levels.
You also visited: Ice Cave.

You collected 1147 gold pieces.
You spent 333 gold pieces at shops.

Inventory:

Hand Weapons
 a - a +4 war axe of flaming (weapon)
 b - the +6 great sword of the Weasel {protect, MR+}
   (You bought it in a shop on level 12 of the Dungeon)

   It protects the one who uses it against injury (+AC on strike).
   It affects your resistance to hostile enchantments.
 g - the +6 war axe of Wuugoe {chop, rPois rF++ rC+ Dex-2, unknown}
   (You found it on level 11 of the Dungeon)

   It inflicts extra damage upon your enemies.
   It affects your dexterity (-2).
   It greatly protects you from fire.
   It protects you from cold.
   It protects you from poison.
Armour
 c - a +0 shield (worn)
 u - a +1 hat of intelligence (worn)
 A - a +2 pair of gloves (worn)
 N - a +2 cloak of poison resistance (worn)
 T - a +0 plate armour (worn)
Jewellery
 p - a +3 ring of evasion (left hand)
 s - a ring of see invisible (right hand)
 G - an amulet of faith (around neck)
Wands
 r - a wand of flame (42/48)
 B - a wand of flame (24/48)
Scrolls
 e - a scroll of blinking
 h - 2 scrolls of fog
 k - 6 scrolls of remove curse
 t - a scroll of amnesia
 z - 7 scrolls of teleportation
Potions
 d - 2 potions of might
 m - 3 potions of haste
 n - 2 potions of brilliance
 v - a potion of agility {unknown}
 w - a potion of curing
 F - 2 potions of mutation
 L - 2 potions of flight
 X - 2 potions of lignification
Books
 D - a book of Misfortune

   Spells                             Type                      Level
   a - Confusing Touch                Hexes                        1
   b - Confuse                        Hexes                        3
   c - Gell's Gravitas                Translocation                3
   d - Petrify                        Transmutation/Earth          4
   e - Metabolic Englaciation         Hexes/Ice                    5
   f - Yara's Violent Unravelling     Hexes/Transmutation          5
Miscellaneous
 j - a sack of spiders
 C - a plain deck of summoning
 M - a legendary deck of destruction
 P - a plain deck of escape {drawn: 1}
 V - an ornate deck of destruction
Comestibles
 f - 10 bread rations
 i - 12 meat rations
 l - 9 fruits
 x - a royal jelly


   Skills:
 + Level 11.3 Fighting
 * Level 14.8 Axes
 + Level 11.3 Armour
 + Level 9.9 Dodging
 + Level 11.2 Shields
 + Level 8.7 Invocations


You had 12 spell levels left.
You didn't know any spells.

Dungeon Overview and Level Annotations

Branches:
Dungeon (13/15)            Temple (1/1) D:4            Lair (0/6) D:11
    Orc (1/2) D:10
 Vaults: D:13-14

Altars:
Ashenzari
Cheibriados
Dithmenos
Elyvilon
Fedhas
Gozag
Hepliaklqana
Kikubaaqudgha
Makhleb
Nemelex Xobeh
Okawaru
Qazlal
Ru
Sif Muna
Trog
Uskayaw
Vehumet
Xom
Yredelemnul
Zin
The Shining One

Shops:
D:11 }   D:12 (


Innate Abilities, Weirdness & Mutations

You reflexively headbutt those who attack you in melee.
You have a pair of horns on your head.
Your flesh is cold resistant. (rC+)
You expend magic power (3 MP) to strengthen your wands.


Message History

You feel sick.
You feel sick.
You feel sick.
You feel sick.
You feel sick.
You feel sick.
You feel sick.
Your air elemental disappears in a puff of smoke!
You feel less confused.
You feel sick.
You are no longer poisoned.
You start resting.
You are feeling very hungry.
You start resting.
The walls disappear!
The wizard shouts!
The human shouts!
You hear a screech!
The wizard casts a spell at you. The crystal spear hits you!
You die...
Your body disappears without a glow.

#....<'.#...l.#.....#..†(...#
#######.#...K)'Z...(#.%))...#
#.# ⌠..'.)††.#..)(...# #.#
.K)$.†.#.......# #.#
#..[..#..p.)..#
#.########p''##...)...#
#.........K†..........#
##########..p#####'#### #@###
#...## #.# ###..# ##
#.##########'## .#
#...(.........#
.################...+(.......#
.'................###.(......#
.################## #........#
.# #....(...# .# #........#


You could see a wizard, 2 humans, a big kobold and a centaur warrior skeleton
(wandering).

Vanquished Creatures
  Gastronok (Orc:1)
  Snorg (D:11)
  A centaur warrior (D:12)
  4 two-headed ogres
  A death yak (IceCv)
  Urug (Orc:1)
  3 skeletal warriors (D:12)
  A wizard (D:13)
  An orc sorcerer (Orc:1)
  3 ugly things
  2 manticores
  3 cyclopes
  A centaur zombie (D:13)
  Joseph (D:7)
  A rime drake (IceCv)
  A kobold demonologist (D:13)
  2 ice devils (D:11)
  11 polar bears (IceCv)
  3 trolls
  A slime creature (D:8)
  A merfolk (D:9)
  Prince Ribbit (D:7)
  2 hornets
  2 hippogriffs
  A wraith (D:10)
  27 yaks
  A human (D:13)
  A golden eye (D:13)
  2 wyverns
  2 hungry ghosts
  2 steam dragons
  5 wargs (Orc:1)
  A water moccasin (D:13)
  2 black bears (D:8)
  A necrophage (D:13)
  7 orc warriors
  3 ice beasts
  A sky beast (D:5)
  An eye of draining (D:13)
  A swamp drake (D:10)
  2 phantoms
  10 wolves (IceCv)
  6 ogres
  5 centaurs
  3 big kobolds
  6 bullfrogs
  6 scorpions
  5 killer bees (D:8)
  13 wights
  9 howler monkeys
  An electric eel (D:11)
  6 crimson imps
  A quasit (D:9)
  10 orc wizards
  7 hounds
  4 jellies
  10 orc priests
  Crazy Yiuf (D:7)
  3 bullfrog skeletons
  A centaur skeleton (D:10)
  4 iguanas
  Terence (D:3)
  Ijyb (D:3)
  11 worker ants
  A worker ant zombie (D:10)
  A howler monkey skeleton (D:10)
  A river rat (D:8)
  14 adders
  4 shadow imps
  4 oozes
  4 worms
  2 dart slugs
  4 leopard geckos
  59 orcs
  4 bat zombies (D:5)
  5 giant cockroaches
  9 goblins
  8 hobgoblins
  14 jackals
  20 kobolds
  5 quokkas
  6 bats
  6 frilled lizards
  A jackal skeleton (D:5)
  A quokka skeleton (D:9)
  2 quokka zombies
  8 rats
  A rat zombie (D:5)
  2 bushes (D:2)
  4 plants (D:2)
423 creatures vanquished.

Vanquished Creatures (collateral kills)
  A frost giant (IceCv)
  Erolcha (D:11)
  Fannar (D:10)
  Nergalle (D:10)
  A centaur skeleton (D:10)
  A troll (D:10)
  3 polar bears (IceCv)
  A hungry ghost (D:8)
  2 ogres
  3 centaurs (D:11)
  A big kobold (D:10)
  2 howler monkeys (D:8)
  A crimson imp (D:11)
  A quasit (D:8)
  A worker ant (D:5)
  An orc (D:10)
  2 jackals (D:10)
  3 kobolds (D:10)
  A quokka (D:8)
28 creatures vanquished.

Vanquished Creatures (others)
  A minotaur (D:13)
  A wizard (D:13)
  Psyche (D:10)
  A kobold demonologist (D:13)
  A blink frog (D:13)
  3 humans (D:13)
  A yak (IceCv)
  A basilisk (D:13)
  A naga (D:13)
  An acid dragon (D:13)
  A crocodile (D:13)
  6 wolves (IceCv)
  A big kobold (D:13)
  A crimson imp (D:10)
  2 ball lightnings (D:13)
  4 kobolds (D:13)
27 creatures vanquished.

Grand Total: 478 creatures vanquished

Notes
Turn   | Place    | Note
-------+----------+-------------------------------------------
     0 | D:1      | empire the Minotaur Fighter began the quest for the Orb.
     0 | D:1      | Reached XP level 1. HP: 19/19 MP: 0/0
    85 | D:1      | Reached XP level 2. HP: 27/27 MP: 1/1
    86 | D:1      | Reached skill level 3 in Axes
   569 | D:1      | Reached XP level 3. HP: 33/33 MP: 2/2
   601 | D:2      | Found a faded altar of an unknown god.
   653 | D:2      | Found a stormy altar of Qazlal.
   668 | D:2      | Reached skill level 1 in Dodging
  1340 | D:2      | Reached XP level 4. HP: 35/40 MP: 3/3
  1788 | D:2      | Reached skill level 4 in Axes
  1905 | D:3      | Reached XP level 5. HP: 47/47 MP: 4/4
  1986 | D:3      | Noticed Terence
  1995 | D:3      | Killed Terence
  2036 | D:3      | Noticed Ijyb
  2048 | D:3      | Killed Ijyb
  2189 | D:3      | Found a shadowy altar of Dithmenos.
  2914 | D:4      | Found a staircase to the Ecumenical Temple.
  2924 | D:4      | Reached XP level 6. HP: 55/55 MP: 5/5
  2941 | Temple   | Entered the Ecumenical Temple
  3110 | Temple   | Became a worshipper of Nemelex Xobeh the Trickster
  3167 | D:4      | Found a blossoming altar of Fedhas.
  3381 | D:4      | Reached skill level 5 in Fighting
  3381 | D:4      | Reached skill level 5 in Axes
  3504 | D:4      | Received a gift from Nemelex Xobeh
  3634 | D:5      | Entered Level 5 of the Dungeon
  3640 | D:5      | Found a sacrificial altar of Ru.
  3698 | D:5      | Reached skill level 5 in Shields
  3770 | D:5      | Found a shattered altar of Ashenzari.
  3791 | D:5      | Reached skill level 1 in Invocations
  3791 | D:5      | Reached XP level 7. HP: 54/61 MP: 6/6
  3859 | D:5      | Reached skill level 6 in Axes
  3859 | D:5      | Reached skill level 5 in Armour
  3869 | D:5      | Gained mutation: Your flesh is cold resistant. (rC+) [mutagenic meat]
  3870 | D:5      | Gained mutation: You expend magic power (3 MP) to strengthen your wands. [mutagenic meat]
  4119 | D:5      | Found an ancient bone altar of Kikubaaqudgha.
  4363 | D:6      | Reached * piety under Nemelex Xobeh
  4463 | D:6      | Reached XP level 8. HP: 66/69 MP: 8/8
  4520 | D:6      | Reached skill level 7 in Axes
  4529 | D:6      | Noticed a dagger
  4530 | D:6      | Noticed a dagger
  4535 | D:6      | Found a hide-covered altar of Uskayaw.
  4855 | D:7      | Reached skill level 8 in Axes
  4946 | D:7      | Found a basalt altar of Yredelemnul.
  4992 | D:7      | Found a deep blue altar of Sif Muna.
  4997 | D:7      | Received a gift from Nemelex Xobeh
  5053 | D:7      | Noticed Prince Ribbit
  5173 | D:7      | Killed Prince Ribbit
  5173 | D:7      | Reached XP level 9. HP: 48/78 MP: 10/10
  5659 | D:7      | Reached skill level 5 in Dodging
  5674 | D:7      | Reached ** piety under Nemelex Xobeh
  5867 | D:7      | Found a runed door.
  5871 | D:7      | Noticed Crazy Yiuf
  5881 | D:7      | Killed Crazy Yiuf
  5921 | D:7      | Noticed Joseph
  5943 | D:7      | Killed Joseph
  5943 | D:7      | Reached skill level 9 in Axes
  6097 | D:8      | Received a gift from Nemelex Xobeh
  6514 | D:8      | Reached XP level 10. HP: 71/86 MP: 12/12
  6635 | D:8      | Found a bloodstained altar of Trog.
  6724 | D:8      | Noticed a two-headed ogre
  6735 | D:8      | Killed a two-headed ogre
  6735 | D:8      | Reached skill level 10 in Axes
  6735 | D:8      | Reached skill level 5 in Invocations
  6807 | D:8      | Found an iron altar of Okawaru.
  7190 | D:9      | Found a glowing silver altar of Zin.
  7499 | D:9      | Received a gift from Nemelex Xobeh
  7659 | D:9      | Reached *** piety under Nemelex Xobeh
  7697 | D:10     | Entered Level 10 of the Dungeon
  7697 | D:10     | Noticed Psyche
  7700 | D:10     | Noticed Nergalle
  7701 | D:10     | Noticed Fannar
  7703 | D:10     | Killed Psyche
  7710 | D:10     | Killed Nergalle
  7717 | D:10     | Reached skill level 11 in Axes
  7721 | D:10     | Killed Fannar
  7924 | D:10     | Reached XP level 11. HP: 45/95 MP: 14/14
  8302 | D:10     | Found a staircase to the Orcish Mines.
  8403 | Orc:1    | Entered Level 1 of the Orcish Mines
  8408 | Orc:1    | Found a bloodstained altar of Trog.
  8433 | Orc:1    | Noticed an orc sorcerer
  8440 | Orc:1    | Killed an orc sorcerer
  8504 | Orc:1    | Received a gift from Nemelex Xobeh
  9051 | Orc:1    | Noticed Urug
  9070 | Orc:1    | Killed Urug
  9157 | Orc:1    | Noticed Gastronok
  9178 | Orc:1    | Killed Gastronok
  9178 | Orc:1    | Reached skill level 12 in Axes
  9990 | D:11     | Noticed Erolcha
  9999 | D:11     | Killed Erolcha
 10075 | D:11     | Noticed a white ugly thing
 10083 | D:11     | Killed a white ugly thing
 10089 | D:11     | Reached **** piety under Nemelex Xobeh
 10156 | D:11     | Noticed Snorg
 10171 | D:11     | Killed Snorg
 10196 | D:11     | Identified a scroll of acquirement
 10197 | D:11     | Got a flickering steel ring
 10243 | D:11     | Found a staircase to the Lair.
 10262 | D:11     | Identified the ring of Koiq {*Drain rElec rN+ Int+5} (You acquired it on level 11 of the Dungeon)
 10282 | D:11     | Found a frozen archway.
 10293 | D:11     | Reached XP level 12. HP: 52/106 MP: 16/16
 10302 | IceCv    | Entered an ice cave
 10871 | IceCv    | Reached skill level 10 in Fighting
 11282 | IceCv    | Reached skill level 13 in Axes
 11288 | IceCv    | Reached skill level 10 in Shields
 11299 | IceCv    | Reached skill level 10 in Armour
 11316 | IceCv    | Received a gift from Nemelex Xobeh
 11447 | IceCv    | Noticed a death yak
 11447 | IceCv    | Noticed a frost giant
 11460 | IceCv    | Killed a death yak
 11486 | IceCv    | Killed a frost giant
 11885 | IceCv    | Identified the Almanac of the Snowflakes
 11911 | IceCv    | Got a polished flail
 12535 | D:11     | Got an ancient war axe
 12586 | D:11     | Noticed a two-headed ogre
 12589 | D:11     | Found Iclon's Gadget Emporium.
 12595 | D:11     | Killed a two-headed ogre
 12608 | D:11     | Received a gift from Nemelex Xobeh
 12759 | D:12     | Noticed a two-headed ogre
 12764 | D:12     | Killed a two-headed ogre
 12771 | D:12     | Reached skill level 14 in Axes
 12771 | D:12     | Reached XP level 13. HP: 106/115 MP: 18/18
 13066 | D:12     | Found Uloceatu's Antique Weapon Boutique.
 13070 | D:12     | Received a gift from Nemelex Xobeh
 13080 | D:12     | Bought an iridescent great sword for 333 gold pieces
 13080 | D:12     | Identified the +6 great sword of the Weasel {protect, MR+} (You bought it in a shop on level 12 of the Dungeon)
 13101 | D:12     | Reached ***** piety under Nemelex Xobeh
 13291 | D:12     | Found a glowing golden altar of the Shining One.
 13614 | D:13     | Noticed a minotaur
 13614 | D:13     | a vault guard changed into a minotaur
 13635 | D:13     | Killed a minotaur
 13692 | D:13     | Killed from afar by a wizard

Skill      XL: |  1  2  3  4  5  6  7  8  9 10 11 12 13 |
---------------+----------------------------------------+-----
Axes           | 3 4 5 6 8 9 11 12 14 | 14.8
Fighting       | 4 5 6 7 8 9 10 11 | 11.3
Dodging        | 1 2 3 4 5 6 8 9 |  9.9
Shields        | 4 5 6 7 8 9 10 11 | 11.2
Armour         | 4 5 6 7 8 9 10 11 | 11.3
Invocations    | 1 2 3 4 5 7 8 |  8.7

Action                   |  1- 3 |  4- 6 |  7- 9 | 10-12 | 13-15 || total
-------------------------+-------+-------+-------+-------+-------++-------
Melee: War axe           |   215 |   149 |   298 |   575 |   157 ||  1394
       Headbutt          |    58 |    26 |    67 |   131 |    39 ||   321
Evoke: Deck              |       |     1 |     4 |    17 |     8 ||    30
       Wand              |       |       |       |     1 |       ||     1
  Use: Potion            |       |       |     4 |     2 |     2 ||     8
       Scroll            |       |       |     1 |    31 |     2 ||    34
 Stab: Distracted        |       |       |       |     1 |       ||     1
  Eat: Chunk             |     2 |     7 |    12 |    20 |     4 ||    45
       Fruit             |       |       |     2 |       |       ||     2
Armor: Scale mail        |    39 |    32 |    17 |       |       ||    88
       Chain mail        |       |       |    96 |   101 |       ||   197
       Plate armour      |       |       |       |   128 |    60 ||   188
Dodge: Dodged            |    33 |    83 |   142 |   282 |    67 ||   607
       Deflected         |       |       |     1 |       |       ||     1
Block: Shield            |    40 |    81 |   206 |   374 |    78 ||   779
